 Dungeon Crawl Stone Soup version 0.28-a0-440-ge3cd3e9c68 (webtiles) character file.

Game seed: 6245250203303719557

837 gruber the Tainter (level 7, -3/46 HPs)
             Began as an Octopode Venom Mage on Sept 11, 2021.
             Slain by a water moccasin (8 damage)
             ... on level 5 of the Dungeon.
             The game lasted 00:04:50 (7326 turns).

gruber the Tainter (Octopode Venom Mage)            Turns: 7326, Time: 00:04:50

Health: -3/46      AC:  1    Str:  8    XL:     7   Next: 99%
Magic:  14/14      EV: 13    Int: 19    God:
Gold:   244        SH:  0    Dex: 12    Spells: 11/16 levels left

rFire   . . .      SeeInvis .   m - +0 trident
rCold   . . .      Faith    .   (no shield)
rNeg    . . .      Spirit   .   (helmet restricted)
rPois   .          Reflect  .   e - amulet of magic regeneration
rElec   .          Harm     .   (no ring)
rCorr   .          Rampage  .   (no ring)
Will    .....                   (no ring)
Stlth   +++.......              (no ring)
HPRegen 0.15/turn               (no ring)
MPRegen 0.39/turn               (no ring)
                                (no ring)
                                (no ring)

@: attractive
A: almost no armour, amphibious, 8 rings, camouflage 1, gelatinous body 1,
(nimble swimmer 1), tentacles
a: no special abilities


You were on level 5 of the Dungeon.
You visited 1 branch of the dungeon, and saw 5 of its levels.

You collected 244 gold pieces.

Inventory:

Hand Weapons
 m - a +0 trident (weapon)
Missiles
 g - 11 poisoned darts
Jewellery
 b - an amulet of faith
 e - an amulet of magic regeneration (around mantle)
Scrolls
 a - a scroll of amnesia {unknown}
 c - a scroll of brand weapon {unknown}
 d - 2 scrolls of identify {unknown}
 f - 2 scrolls of vulnerability {unknown}
 h - 2 scrolls of enchant weapon {unknown}
 i - a scroll of enchant armour {unknown}
 j - 2 scrolls of immolation {unknown}
 l - 3 scrolls of teleportation {unknown}
 q - 2 scrolls of noise {unknown}
Potions
 k - 2 potions of curing
 n - a potion of heal wounds


   Skills:
 * Level 3.3 Fighting
 - Level 0.1 Polearms
 - Level 2.0 Dodging
 - Level 2.6 Stealth
 - Level 5.0 Spellcasting
 - Level 1.0 Transmutations
 - Level 8.1 Poison Magic


You had 11 spell levels left.
You knew the following spells:

 Your Spells              Type           Power      Damage    Failure   Level
a - Sting                 Tmut/Pois      88%        1d7       1%          1
b - Olgreb's Toxic Radia  Pois           35%        N/A       4%          4

Your spell library contained the following spells:

 Spells                   Type           Power      Damage    Failure   Level
 Poisonous Vapours        Pois/Air       40%        N/A       3%          2
 Mephitic Cloud           Conj/Pois/Air  15%        N/A       12%         3


Dungeon Overview and Level Annotations

Branches:
Dungeon (5/15)
 Temple: D:4-7

Altars:
Cheibriados
Qazlal
Ru


Innate Abilities, Weirdness & Mutations

You cannot wear most types of armour.
You are amphibious.
You can wear up to eight rings at the same time.
Your skin changes colour to match your surroundings (Stealth+).
Your rubbery body absorbs attacks. (AC +1, EV +1)
((You are camouflaged near water. (Stealth+)))
You have tentacles for arms and can constrict up to eight enemies at once.


Message History

You feel sick. The adder is attracted toward you.
Unknown command.
You feel sick. The water moccasin misses you.
You feel less invigorated.
You feel less confused.
You feel sick.
Unknown command.
Unknown command.
Unknown command.
Unknown command.
You aren't carrying any items that you can evoke.
Unknown command.
Casting: Sting (safe; 1% risk of failure)
Confirm with . or Enter, or press ? or * to list all spells.
Okay, then.
You closely miss the water moccasin. Your grab misses the water moccasin.
The water moccasin is moderately wounded.
You feel sick. The water moccasin bites you!
The water moccasin barely misses you.
You closely miss the water moccasin. Your grab misses the water moccasin.
The water moccasin is moderately wounded.
You feel sick.
You are no longer poisoned.
The water moccasin barely misses you. The adder bites you.
* * * LOW HITPOINT WARNING * * *
You hit the water moccasin. Your grab misses the water moccasin.
The water moccasin is moderately wounded.
The water moccasin barely misses you. The adder bites you.
* * * LOW HITPOINT WARNING * * *
The water moccasin bites you.
* * * LOW HITPOINT WARNING * * *
The adder closely misses you.
Unknown command.
Unknown command.
You closely miss the water moccasin. You grab the water moccasin.
You squeeze the water moccasin!
The water moccasin is severely wounded.
You constrict the water moccasin, but do no damage.
The water moccasin bites you!
You die...

# ##.# #.....#.....#..#.....
###..####################..#.....
........................÷..#.....
####....................)..#<.###
#.####################..#..#
###.# .....#.....#.....#..#..#
##...#......#.....#.....#..#..#
...###+###..#§.#SS#..#..#..##.#
.#.#.# #..#..#@.#..#..#..##.# #
.#...# #.....#..†..#..†..##.###
....## #.....#.....#.....##..##
.#...#########################.##
.#......[..# #.........#######.##
...........###..............>..##
##......)..##.<.........#########
#.........##.####.#.##.......# #
#............# #...########.###


You could see a water moccasin and an adder.

Vanquished Creatures
  A black bear (D:5)
  An ogre (D:4)
  3 scorpions
  A water moccasin skeleton (D:5)
  A bullfrog zombie (D:5)
  A hound (D:5)
  A bullfrog skeleton (D:5)
  A centaur skeleton (D:5)
  A jelly (D:5)
  2 iguanas (D:5)
  An orc wizard (D:5)
  A hound skeleton (D:4)
  A howler monkey zombie (D:5)
  2 howler monkey skeletons
  6 adders
  3 white imps
  An ufetubus (D:5)
  3 worms (D:4)
  2 dart slugs (D:1)
  4 orcs
  6 ball pythons
  6 bats
  7 endoplasms
  3 giant cockroaches
  A goblin (D:1)
  3 hobgoblins
  6 jackals
  10 kobolds
  6 quokkas
  3 frilled lizards
  4 rats
92 creatures vanquished.

Notes
Turn   | Place    | Note
-------+----------+-------------------------------------------
     0 | D:1      | gruber the Octopode Venom Mage began the quest for the Orb.
     0 | D:1      | Reached XP level 1. HP: 11/11 MP: 3/3
    77 | D:1      | Reached skill level 4 in Poison Magic
   223 | D:1      | Reached XP level 2. HP: 17/17 MP: 0/5
   986 | D:1      | Reached XP level 3. HP: 8/21 MP: 1/6
  2247 | D:2      | Found a faded altar of an unknown god.
  2439 | D:2      | You fall into a shaft and drop 2 floors!
  2961 | D:3      | Found a sacrificial altar of Ru.
  3178 | D:3      | Reached skill level 5 in Poison Magic
  3187 | D:3      | Reached XP level 4. HP: 26/27 MP: 6/8
  4111 | D:4      | Noticed a scorpion
  4134 | D:4      | Killed a scorpion
  4135 | D:4      | Reached XP level 5. HP: 31/31 MP: 5/10
  4170 | D:4      | Found a stormy altar of Qazlal.
  4175 | D:4      | Found a snail-covered altar of Cheibriados.
  5101 | D:4      | Noticed an ogre
  5111 | D:4      | Killed an ogre
  5112 | D:4      | Reached skill level 6 in Poison Magic
  5112 | D:4      | Reached XP level 6. HP: 25/36 MP: 10/12
  5563 | D:5      | Entered Level 5 of the Dungeon
  6006 | D:4      | Learned a level 4 spell: Olgreb's Toxic Radiance
  6063 | D:5      | Reached skill level 5 in Spellcasting
  6063 | D:5      | Reached XP level 7. HP: 13/41 MP: 14/14
  6344 | D:5      | Reached skill level 7 in Poison Magic
  6352 | D:5      | HP: 2/41 [black bear (6)]
  6436 | D:5      | HP: 2/41 [centaur skeleton (1)]
  6539 | D:5      | Reached skill level 8 in Poison Magic
  6916 | D:5      | Reached skill level 1 in Fighting
  7326 | D:5      | Slain by a water moccasin

Illustrated notes

Levels and vault maps discovered:
D:1:      eino_arrival_cavern_e, layout_loops_corners
D:2:      layout_rooms, ebering_ecumenical_altar_hall, kennysheep_nondescript
D:3:      layout_loops_ring, marbit_many_paths, dk_noncrumbling_2,
          minmay_unequal
D:4:      kennysheep_big_flooded_room, layout_basic, jmf_multi_god_temple,
          serial_co_window_serial, co_window_paths_a, co_window_paths_a,
          co_window_corner_a, co_window_cross_1, co_window_paths_a,
          co_window_corner_b, co_window_2corner, co_window_unsneaky_path_c,
          co_window_unsneaky_path_e, glass_columns_c, glass_columns_c
D:5:      kennysheep_windowed_halls, layout_rooms

Skill      XL: |  1  2  3  4  5  6  7 |
---------------+----------------------+-----
Poison Magic   | 4 5 6 8 |  8.1
Spellcasting   | 3 4 5 |  5.0
Fighting       | 3 |  3.3
Polearms       | |  0.1
Dodging        | |  2.0
Stealth        | |  2.6
Transmutations | |  1.0

Action                   |  1- 3 |  4- 6 |  7- 9 || total
-------------------------+-------+-------+-------++-------
Melee: Unarmed           |    36 |       |       ||    36
       Tentacles         |    10 |     5 |     8 ||    23
       Constrict         |    21 |    14 |     5 ||    40
       Spear             |    44 |    23 |       ||    67
       Trident           |       |    54 |    35 ||    89
 Cast: Sting             |    46 |    58 |    41 ||   145
       Olgreb's Toxic Ra |       |     1 |       ||     1
  Use: Potion            |       |       |     5 ||     5
 Stab: Sleeping          |     9 |     3 |       ||    12
       Distracted        |     1 |       |       ||     1
Armor: Skin              |     8 |     5 |     9 ||    22
Dodge: Dodged            |    71 |    63 |    62 ||   196

Table legend: (Time is in decaauts)
 A = Elapsed time spent in this place.
 B = Non-inter-level travel time spent in this place.
 C = Inter-level travel time spent in this place.
 D = Time resting spent in this place.
 E = Time spent auto-exploring this place.
 F = Levels seen in this place.
 G = Mean time per level.
                   A        B        C        D        E       F      G
               +--------+--------+--------+--------+--------+-----+--------+
         Total |   7360 |   7217 |    143 |    342 |   6038 |   5 | 1472.0 |
       Dungeon |   7360 |   7217 |    143 |    342 |   6038 |   5 | 1472.0 |
               +--------+--------+--------+--------+--------+-----+--------+

Top non-repeatable levels by time:
     D:1: 1901 daAuts
     D:4: 1752 daAuts
     D:5: 1502 daAuts
     D:3: 1351 daAuts
     D:2: 852 daAuts
